 Dungeon Crawl Stone Soup version 0.19-a0-1041-g82b1012 (webtiles) character file.

3121 st0uf the Blocker (level 9, -21/118 HPs)
             Began as a Minotaur Fighter on July 30, 2016.
             Killed from afar by a gnoll shaman (24 damage)
             ... with an exploding inner flame
             ... hexed by the player character
             ... in a bailey.
             The game lasted 00:27:46 (6610 turns).

st0uf the Blocker (Minotaur Fighter)                Turns: 6610, Time: 00:27:47

Health: -21/118    AC: 15    Str: 26    XL:     9   Next: 60%
Magic:  8/8        EV:  9    Int:  5    God:
Gold:   412        SH: 13    Dex: 13    Spells: 0 memorised, 8 levels left

rFire  . . .     SeeInvis .     a - +1 war axe
rCold  . . .     Gourm    .     H - +0 plate armour
rNeg   . . .     Faith    .     c - +1 shield
rPois  .         Spirit   .     (helmet restricted)
rElec  .         Dismiss  .     o - +0 cloak
rCorr  .         Reflect  .     (no gloves)
SustAt .         Harm     .     (no boots)
MR     .....                    (no amulet)
Stlth  ..........               (no ring)
                                (no ring)

@: berserking, very quick, not resistant to hostile enchantments, extremely
unstealthy
A: retaliatory headbutt, horns 2, icy blue scales 1
a: no special abilities


You were in a bailey.
You were not hungry.

You visited 2 branches of the dungeon, and saw 8 of its levels.
You also visited: Bailey.

You collected 412 gold pieces.

Inventory:

Hand Weapons
 a - a +1 war axe (weapon)
Missiles
 u - a throwing net (quivered)
Armour
 c - a +1 shield (worn)
 o - a +0 cloak (worn)
 B - a +0 ring mail of cold resistance
 H - a +0 plate armour (worn)
Jewellery
 k - an uncursed ring of fire
 y - an uncursed amulet of rage
Wands
 b - a wand of digging (10/24)
Scrolls
 h - 2 scrolls of teleportation
 i - 3 scrolls of remove curse
 n - a scroll of enchant armour
 p - a scroll of magic mapping
 q - a scroll of immolation
 w - a scroll of random uselessness
Potions
 d - a potion of might
 g - a potion of haste
 m - 6 potions of ambrosia {unknown}
 t - 4 potions of lignification {unknown}
 v - a potion of cure mutation
 z - a potion of curing
 A - 2 potions of agility
 E - a potion of degeneration
 G - a potion of brilliance
Comestibles
 f - 2 bread rations
 r - 2 slices of pizza
 s - 12 fruits
 D - 6 chunks of flesh


   Skills:
 + Level 7.5 Fighting
 + Level 7.9 Axes
 + Level 7.6 Armour
 + Level 6.0 Dodging
 + Level 1.3 Stealth
 + Level 8.9 Shields


You had 8 spell levels left.
You didn't know any spells.

Dungeon Overview and Level Annotations

Branches:
Dungeon (7/15)             Temple (1/1) D:4

Altars:
Ashenzari
Cheibriados
Dithmenos
Elyvilon
Fedhas
Gozag
Hepliaklqana
Kikubaaqudgha
Makhleb
Nemelex Xobeh
Okawaru
Pakellas
Qazlal
Ru
Sif Muna
Trog
Xom
Yredelemnul
Zin
The Shining One

Annotations:
D:6 1 runed door


Innate Abilities, Weirdness & Mutations

You reflexively headbutt those who attack you in melee.
You have a pair of horns on your head.
You are partially covered in icy blue scales. (AC +1)


Message History

You slash the gnoll!
You hit the gnoll sergeant but do no damage.
You block the gnoll's attack. x2
The gnoll shaman hits you with a halberd.
* * * LOW HITPOINT WARNING * * *
The gnoll barely misses you.
The gnoll sergeant hits you with an enchanted halberd.
* * * LOW HITPOINT WARNING * * *
A red film seems to cover your vision as you go berserk!
You feel yourself moving faster!
You feel mighty! The gnoll closely misses you. x3
You slash the gnoll shaman!
The gnoll shaman is almost dead.
You slash the gnoll!
The gnoll explodes!
The fiery explosion engulfs the gnoll sergeant.
The gnoll sergeant explodes!
The fiery explosion engulfs the gnoll shaman.
The gnoll shaman explodes!
The fiery explosion engulfs you!
You die...

♣≈ ##.....## ≈ ♣≈
##.g.## ≈ ♣≈ ##g## ≈
♣≈ #.))# ≈ ♣≈##
#..)# ##≈ ♣≈.# #..)#
#.≈
♣≈§######')'######.≈
♣≈§§§g.......).).).≈
♣≈§@§g.......)).).≈≈
♣♣≈§§≈≈≈≈...≈≈≈≈≈≈≈♣
♣♣.......))......♣♣
♣♣♣...........♣♣♣
♣♣.......♣♣♣♣
♣♣♣♣.∩.♣♣ ♣♣.♣♣ ♣.♣
♣∩♣


You could see 2 gnolls.

Vanquished Creatures
  The ghost of CcS the Insei, a novice OpTm of Cheibriados (D:5)
  The ghost of Xoff the Charlatan, an amateur DEFi (D:3)
  Sigmund (D:3)
  A hippogriff (D:7)
  An orc warrior (D:6)
  An ice beast (D:6)
  A black bear (D:6)
  A sky beast (D:6)
  4 ogres
  4 gnoll sergeants (Bailey)
  A wyvern zombie (D:6)
  3 giant frogs (D:6)
  A scorpion (D:5)
  A howler monkey (D:5)
  2 crimson imps (D:6)
  A centaur zombie (D:5)
  3 hounds
  3 gnoll shamans (Bailey)
  4 orc priests
  5 orc wizards
  3 iguanas
  2 giant frog skeletons
  2 worker ants (D:7)
  Ijyb (D:3)
  A hound skeleton (D:4)
  A worker ant zombie (D:5)
  10 adders
  18 gnolls
  2 oozes
  An adder zombie (D:5)
  A worm (D:2)
  A dart slug (D:1)
  A giant gecko (D:5)
  30 orcs
  3 ball pythons
  4 giant cockroaches
  3 goblins
  9 hobgoblins
  3 jackals (D:4)
  6 kobolds
  2 quokkas
  8 bats
  A giant newt (D:3)
  5 rats
158 creatures vanquished.

Notes
Turn   | Place    | Note
-------+----------+-------------------------------------------
     0 | D:1      | st0uf the Minotaur Fighter began the quest for the Orb.
     0 | D:1      | Reached XP level 1. HP: 19/19 MP: 0/0
    86 | D:1      | Found a sparkling altar of Nemelex Xobeh.
   108 | D:1      | Reached XP level 2. HP: 23/27 MP: 1/1
   286 | D:1      | Reached skill level 4 in Shields
   674 | D:2      | Reached XP level 3. HP: 26/33 MP: 2/2
  1035 | D:2      | Reached skill level 5 in Armour
  1088 | D:2      | Reached XP level 4. HP: 40/40 MP: 3/3
  1565 | D:3      | Reached skill level 1 in Dodging
  1581 | D:3      | Noticed Sigmund
  1590 | D:3      | Killed Sigmund
  1590 | D:3      | Reached skill level 5 in Shields
  1590 | D:3      | Reached XP level 5. HP: 30/47 MP: 4/4
  1931 | D:3      | Noticed Ijyb
  1940 | D:3      | Killed Ijyb
  1940 | D:3      | Reached XP level 6. HP: 53/53 MP: 5/5
  2459 | D:3      | Noticed Xoff's ghost (amateur DEFi)
  2620 | D:3      | Killed Xoff's ghost
  2620 | D:3      | Reached skill level 5 in Fighting
  2620 | D:3      | Reached skill level 6 in Shields
  2620 | D:3      | Reached XP level 7. HP: 42/61 MP: 6/6
  2776 | D:4      | Found a bloodstained altar of Trog.
  2776 | D:4      | Found a sacrificial altar of Ru.
  2853 | D:4      | Found a staircase to the Ecumenical Temple.
  2859 | Temple   | Entered the Ecumenical Temple
  2990 | D:4      | Found an oddly glowing altar of Pakellas.
  3811 | D:4      | Reached skill level 5 in Axes
  3969 | D:5      | Entered Level 5 of the Dungeon
  3977 | D:5      | Noticed CcS's ghost (novice OpTm)
  3989 | D:5      | Killed CcS's ghost
  3989 | D:5      | Reached skill level 7 in Shields
  3989 | D:5      | Reached XP level 8. HP: 60/70 MP: 7/7
  4989 | D:6      | Found a runed door.
  4998 | D:6      | Found a basalt altar of Yredelemnul.
  5063 | D:6      | Reached skill level 1 in Stealth
  5201 | D:6      | Reached skill level 5 in Dodging
  5241 | D:6      | Reached skill level 8 in Shields
  5391 | D:6      | Found a shattered altar of Ashenzari.
  5436 | D:6      | Reached XP level 9. HP: 68/78 MP: 8/8
  5663 | D:6      | Found a shimmering altar of Xom.
  6081 | D:7      | Found a flagged portal.
  6090 | Bailey   | Entered a bailey
  6595 | Bailey   | Gained mutation: You are partially covered in icy blue scales. (AC +1) [potion of beneficial mutation]
  6608 | Bailey   | HP: 2/79 [gnoll sergeant/enchanted halberd (3)]
  6610 | Bailey   | Killed from afar by a gnoll shaman

Vault maps used:
D:1:      lemuel_arrival_broad_hall, kennysheep_flooded_box
D:3:      uniq_iyjb, uniq_sigmund
D:4:      gammafunk_temple_overflow_wave, first_bread, johnstein_pakellas_dig
D:5:      minmay_misc_feat_ornament, minmay_misc_feat_cross
D:6:      kennysheep_mini, tgw_xom, dk_yredelemnul_ordeal
D:7:      vehumet_crystals, enter_bailey_1
Temple:   lightli_temple_of_artemis
Bailey:   bailey_polearm_gnolls_kennysheep, bailey

Skill      XL: |  1  2  3  4  5  6  7  8  9 |
---------------+----------------------------+-----
Armour         | 4 5 6 7 |  7.6
Shields        | 4 5 6 7 8 |  8.9
Fighting       | 4 5 6 7 |  7.5
Dodging        | 1 2 4 5 6 |  6.0
Axes           | 3 4 5 6 7 |  7.9
Stealth        | 1 |  1.3

Action                   |  1- 3 |  4- 6 |  7- 9 || total
-------------------------+-------+-------+-------++-------
Melee: War axe           |    66 |   108 |   290 ||   464
       Headbutt          |    12 |    20 |    69 ||   101
Throw: Throwing net      |       |       |     2 ||     2
  Use: Scroll            |       |     2 |    15 ||    17
       Potion            |       |       |     5 ||     5
  Eat: Chunk             |     1 |     5 |    13 ||    19
Armor: Scale mail        |    43 |    42 |       ||    85
       Ring mail         |       |       |    65 ||    65
       Plate armour      |       |       |    37 ||    37
Dodge: Dodged            |    18 |    44 |   125 ||   187
Block: Shield            |    33 |    80 |   224 ||   337
